 Dungeon Crawl Stone Soup version 0.31-a0-264-ga0b03e459d (webtiles) character file.

Game seed: 4838976678888606618

7016 qw the Skirmisher (level 10, -1/91 HPs)
             Began as a Minotaur Hexslinger on July 13, 2023.
             Was a Believer of Okawaru.
             Killed from afar by an oklob plant (10 damage)
             ... with a splash of acid
             ... on level 1 of the Lair of Beasts.
             The game lasted 00:03:55 (8648 turns).

qw the Skirmisher (Minotaur Hexslinger)             Turns: 8648, Time: 00:03:56

Health: -1/91      AC: -1    Str: 13    XL:     10   Next: 82%
Magic:  11/12      EV: 18    Int: 14    God:    Okawaru [**....]
Gold:   684        SH:  0    Dex: 15    Spells: 10/11 levels left

rFire   . . .        Y - +0 arbalest
rCold   . . .        (shield currently unavailable)
rNeg    + . .        (no body armour)
rPois   .            (helmet restricted)
rElec   .            (no cloak)
rCorr   .            (no gloves)
SInv    .            c - +1 pair of boots
Will    .....        (no amulet)
Stlth   +++          a - ring of positive energy
HPRegen 0.35/turn    o - +4 ring of protection
MPRegen 0.13/turn

%: no passive effects
@: about to teleport, heroic, corroded
A: horns 2, retaliatory headbutt, clever 1, screaming 1
a: Renounce Religion, Heroism


You were on level 1 of the Lair of Beasts.
You worshipped Okawaru.
Okawaru was pleased with you.
You visited 3 branches of the dungeon, and saw 10 of its levels.
You also visited: Ossuary.

You collected 792 gold pieces.
You spent 108 gold pieces at shops.


Innate Abilities, Weirdness & Mutations

You have a pair of horns on your head.
You reflexively headbutt those who attack you in melee.
Your mind is acute. (Int +4, Str/Dex -1)
You occasionally shout uncontrollably at your foes.


   Skills:
 + Level 9.5(14.5) Fighting
 - Level 14.0(19.0) Ranged Weapons
 - Level 2.0(7.0) Armour
 - Level 6.1(11.1) Dodging
 - Level 1.0 Spellcasting
 - Level 2.0 Hexes
 - Level 4.2 Invocations


You had 10 spell levels left.
You knew the following spells:

 Your Spells              Type           Power      Damage    Failure   Level
a - Slow                  Hex            24%        N/A       12%         1

Your spell library contained the following spells:

 Spells                   Type           Power      Damage    Failure   Level
 Inner Flame              Hex/Fire       3%         N/A       45%         3
 Portal Projectile        Hex/Tloc       6%         N/A       45%         3
 Cause Fear               Hex            3%         N/A       75%         4

Inventory:

Hand Weapons
 h - a +3 antimagic arbalest
 Y - a +0 arbalest (weapon)
Armour
 c - a +1 pair of boots (worn)
 f - the +2 robe "Eshuv" {+Inv rElec rC-}
   (You found it on level 6 of the Dungeon)

   rC:        It makes you vulnerable to cold.
   rElec:     It insulates you from electricity.
   +Inv:      It lets you turn invisible.
 n - a +2 robe
 s - the +1 robe "Jotis" {rPois rC- Dex+2}
   (You found it on level 1 of the Lair of Beasts)

   Dex:       It affects your dexterity (+2).
   rC:        It makes you vulnerable to cold.
   rPois:     It protects you from poison.
Jewellery
 a - a ring of positive energy (left hand)
 o - a +4 ring of protection (right hand)
Scrolls
 b - 2 scrolls of teleportation
 j - 2 scrolls of identify
Potions
 d - a potion of resistance
 e - 3 potions of curing
 i - a potion of mutation
 k - a potion of magic
 l - 2 potions of enlightenment
 m - a potion of invisibility {unknown}
 p - a potion of berserk rage {unknown}
 q - a potion of might {unknown}
 r - a potion of lignification {unknown}

Dungeon Overview and Level Annotations

Branches:
Dungeon (8/15)             Temple (1/1) D:4            Lair (1/5) D:8
Ossuary (visited)

Altars:
Cheibriados
Dithmenos
Elyvilon
Gozag
Kikubaaqudgha
Nemelex Xobeh
Okawaru
Qazlal
Ru
Uskayaw
Vehumet
Xom
Yredelemnul
Zin
The Shining One

Shops:
D:3 [

Annotations:
D:4 1 runed translucent door, qw's ghost, amateur GrHs
D:6 1 runed translucent door, qw's ghost, novice MiHs
Lair:1 exclusion: oklob plant


Message History

The bullfrog is heavily wounded.
The bullfrog barely misses you. The bullfrog misses you.
You furiously retaliate!
You headbutt the bullfrog! You shoot a bolt. The bolt hits the bullfrog.
You kill the bullfrog!
Okawaru accepts your kill.
Found a stone staircase leading down.
You see here a bullfrog corpse.
An oklob plant comes into view.
Enter note:
Enter note:
Enter note:
Enter note:
Enter note:
8640 ||| INVOKING Heroism.
You gain the combat prowess of a mighty hero.
The oklob plant spits acid at you. The splash of acid hits you!!
The acid corrodes you!
You shoot a bolt. The bolt hits the oklob plant!!
The oklob plant is moderately damaged.
You shoot a bolt. The bolt hits the oklob plant!!
The oklob plant is almost destroyed.
The oklob plant spits acid at you. The splash of acid hits you!!
Enter note:
Enter note:
Enter note:
Enter note:
8643 ||| UPGRADING to +1 robe "Jotis" {rPois rC- Dex+2}.
You start removing your armour.
You continue taking off your +2 robe. x3
The oklob plant spits acid at you. The splash of acid hits you!!
The acid corrodes you!
You continue taking off your +2 robe.
You finish taking off your +2 robe.
8648 ||| READING 3 scrolls of teleportation.
As you read the scroll of teleportation, it crumbles to dust.
You feel strangely unstable. The oklob plant spits acid at you.
The splash of acid hits you!
You die...

## ## ##P####..#.#
###########
............
.....>...P
..Y.Y.......
..........
..YY##..####
#......... ....#
P.# ##.........
..... #.#
#.......... ....#
#.# #.........
.^... #.#
#.@?......
....###.#
#%P#######
........#### #..#
........##.####.##
....####........#
. #.........##
##.........#
#........###
#........P.#


You could see an oklob plant.

Vanquished Creatures
  Amaemon (Lair:1)
  A black mamba (Lair:1)
  An orange demon (Lair:1)
  2 cane toads (Lair:1)
  A komodo dragon (Lair:1)
  A troll (D:8)
  3 yaks
  Sigmund (D:3)
  A wyvern (D:8)
  A steam dragon (D:6)
  5 water moccasins
  Duvessa (D:6)
  3 ice beasts
  4 orc warriors
  3 black bears
  3 ogres
  A centaur (D:5)
  Blork the orc (D:5)
  5 bullfrogs
  A gnoll sergeant (D:8)
  2 scorpions
  Dowan (D:5)
  A howler monkey (D:7)
  4 hounds
  A gnoll bouda (D:8)
  6 orc priests
  3 sleepcaps
  Natasha (twice) (D:3 D:2)
  4 hell rats (Lair:1)
  5 iguanas
  7 orc wizards
  8 mummies (Ossuary)
  10 gnolls
  10 adders
  18 river rats
  A white imp (D:7)
  7 worms
  3 dart slugs
  27 orcs
  10 ball pythons
  8 endoplasms
  2 giant cockroaches
  10 hobgoblins
  2 jackals (D:3)
  7 quokkas
  7 bats
  6 frilled lizards
  12 goblins
  A hobgoblin zombie (Ossuary)
  7 kobolds
  5 kobold zombies (Ossuary)
  2 orc zombies (Ossuary)
  18 rats
257 creatures vanquished.

Vanquished Creatures (others)
  A human (D:6)
1 creature vanquished.

Grand Total: 258 creatures vanquished

Notes
Turn   | Place    | Note
-------+----------+-------------------------------------------
     0 | D:1      | qw the Minotaur Hexslinger began the quest for the Orb.
     0 | D:1      | Reached XP level 1. HP: 16/16 MP: 1/1
     0 | D:1      | 0 ||| qw: Version: 0.3-a-52-g30416fa
     0 | D:1      | 0 ||| qw: Game counter: 7551
     0 | D:1      | 0 ||| qw: Melee chars always use a shield: true
     0 | D:1      | 0 ||| qw: God list: Okawaru
     0 | D:1      | 0 ||| qw: Allow faded altars: false
     0 | D:1      | 0 ||| qw: Do Orc after clearing Dungeon:15 true
     0 | D:1      | 0 ||| qw: Do second Lair branch before Depths: true
     0 | D:1      | 0 ||| qw: Lair rune preference: random
     0 | D:1      | 0 ||| qw: Goals: Normal
     0 | D:1      | 0 ||| PLANNING D:1-11
   149 | D:1      | Reached skill level 3 in Ranged Weapons
   154 | D:1      | Reached XP level 2. HP: 24/24 MP: 2/2
   337 | D:1      | Reached XP level 3. HP: 29/29 MP: 3/3
   433 | D:1      | Found a faded altar of an unknown god.
   643 | D:1      | 643 ||| UPGRADING to +0 ring mail.
   653 | D:1      | 653 ||| DROPPING +0 robe.
   654 | D:1      | 654 ||| READING scroll labelled FAH FYAC XETORU.
   655 | D:1      | 655 ||| READING scroll labelled WIEGRU HIXZAI.
   656 | D:1      | 656 ||| READING scroll labelled YJAEMIT OHUA.
   659 | D:1      | 659 ||| READING 2 scrolls labelled GONEUG DINEOPT.
   660 | D:1      | 660 ||| DROPPING scroll of poison.
   661 | D:1      | 661 ||| DROPPING scroll of revelation.
   691 | D:2      | Reached skill level 4 in Ranged Weapons
   729 | D:2      | Reached skill level 1 in Armour
   729 | D:2      | Reached XP level 4. HP: 34/36 MP: 4/4
   771 | D:2      | 771 ||| UPGRADING to ring of positive energy.
  1150 | D:2      | 1150 ||| READING 3 scrolls labelled CARREIN HOWU.
  1151 | D:2      | 1151 ||| READING scroll labelled COAPRI XOAX.
  1152 | D:2      | 1152 ||| DRINKING 2 orange potions.
  1153 | D:2      | 1153 ||| DRINKING 2 pink potions.
  1154 | D:2      | 1154 ||| READING 2 scrolls of identify.
  1154 | D:2      | 1154 ||| IDENTIFYING yellow potion
  1188 | D:3      | Noticed Sigmund
  1188 | D:3      | Noticed Natasha
  1189 | D:3      | 1189 ||| PLANNING SEWER
  1191 | D:3      | Killed Natasha
  1194 | D:3      | 1194 ||| STAIRDANCE
  1227 | D:3      | 1227 ||| STAIRDANCE
  1263 | D:3      | 1263 ||| STAIRDANCE
  1265 | D:2      | 1265 ||| DRINKING potion of curing.
  1265 | D:2      | 1265 ||| (to cure confusion)
  1268 | D:3      | Killed Sigmund
  1269 | D:3      | Reached skill level 6 in Ranged Weapons
  1269 | D:3      | Reached XP level 5. HP: 41/41 MP: 5/5
  1282 | D:3      | Reached XP level 6. HP: 36/48 MP: 6/6
  1287 | D:3      | 1287 ||| FLEEEEING.
  1288 | D:3      | 1288 ||| FLEEEEING.
  1289 | D:3      | 1289 ||| FLEEEEING.
  1291 | D:3      | 1291 ||| STAIRDANCE
  1406 | D:3      | 1406 ||| Stepping ~*~*~tactically~*~*~ (outnumbered).
  1409 | D:3      | 1409 ||| Stepping ~*~*~tactically~*~*~ (outnumbered).
  1412 | D:3      | Reached skill level 3 in Fighting
  1416 | D:3      | HP: 7/51 [orc priest/divine providence (14)]
  1417 | D:3      | 1417 ||| DRINKING potion of heal wounds.
  1641 | D:3      | 1641 ||| FLEEEEING.
  1642 | D:3      | 1642 ||| FLEEEEING.
  1643 | D:3      | 1643 ||| FLEEEEING.
  1644 | D:3      | 1644 ||| STAIRDANCE
  1668 | D:2      | 1668 ||| READING scroll labelled RUXYRYQU FYSI.
  1669 | D:2      | 1669 ||| READING 2 scrolls of identify.
  1669 | D:2      | 1669 ||| IDENTIFYING bubbling ruby potion
  1670 | D:2      | 1670 ||| DROPPING potion of attraction.
  1672 | D:3      | Noticed Natasha
  1673 | D:3      | 1673 ||| STAIRDANCE
  1729 | D:3      | 1729 ||| STAIRDANCE
  1736 | D:2      | Killed Natasha
  1777 | D:3      | 1777 ||| RIP SEWER
  1778 | D:3      | 1778 ||| PLANNING D:1-11
  1792 | D:3      | Found Wyostos's Antique Armour Shop.
  1802 | D:3      | 1802 ||| FLEEEEING.
  1803 | D:3      | 1803 ||| FLEEEEING.
  1804 | D:3      | 1804 ||| FLEEEEING.
  1805 | D:3      | 1805 ||| FLEEEEING.
  1806 | D:3      | 1806 ||| FLEEEEING.
  1807 | D:3      | 1807 ||| FLEEEEING.
  1808 | D:3      | 1808 ||| FLEEEEING.
  1810 | D:3      | 1810 ||| STAIRDANCE
  1833 | D:2      | 1833 ||| READING scroll labelled JOR TAPENO.
  1834 | D:2      | 1834 ||| READING 2 scrolls of identify.
  1834 | D:2      | 1834 ||| IDENTIFYING sedimented clear potion
  1835 | D:2      | 1835 ||| DROPPING potion of brilliance.
  1868 | D:3      | 1868 ||| BUYING pair of boots (108 gold).
  1868 | D:3      | Bought a pair of boots for 108 gold pieces
  1868 | D:3      | 1868 ||| SHOPLISTING runed ring mail (168 gold, have 17).
  1986 | D:3      | Reached skill level 7 in Ranged Weapons
  2129 | D:3      | 2129 ||| UPGRADING to +0 pair of boots.
  2155 | D:4      | Found a runed translucent door.
  2199 | D:4      | Reached XP level 7. HP: 59/59 MP: 7/7
  2222 | D:4      | Reached skill level 8 in Ranged Weapons
  2422 | D:4      | Found a staircase to the Ecumenical Temple.
  2423 | D:4      | 2423 ||| PLANNING TEMPLE
  2423 | D:4      | 2423 ||| DRINKING 2 viscous brown potions.
  2423 | D:4      | Gained mutation: You occasionally shout uncontrollably at
                  | your foes. [potion of mutation]
  2423 | D:4      | Gained mutation: Your mind is acute. (Int +4, Str/Dex -1)
                  | [potion of mutation]
  2467 | Temple   | Entered the Ecumenical Temple
  2493 | Temple   | 2493 ||| PLANNING D:1-11
  2666 | D:4      | Noticed a steam dragon
  2666 | D:4      | Noticed qw's ghost (amateur GrHs)
  3234 | D:4      | 3234 ||| READING scroll labelled SEBLO LAOFO.
  3234 | D:4      | Identified a scroll of acquirement
  3234 | D:4      | 3234 ||| ACQUIRING +3 antimagic arbalest
  3234 | D:4      | Acquired a +3 antimagic arbalest
  3236 | D:4      | 3236 ||| SWAPPING to +3 antimagic arbalest.
  3237 | D:4      | 3237 ||| DROPPING +1 heavy sling.
  3238 | D:4      | 3238 ||| DRINKING 2 sapphire potions.
  3239 | D:4      | 3239 ||| DRINKING 2 potions of curing.
  3239 | D:4      | 3239 ||| (to cure confusion)
  3240 | D:4      | 3240 ||| DROPPING potion of ambrosia.
  3258 | D:5      | Entered Level 5 of the Dungeon
  3261 | D:5      | 3261 ||| STAIRDANCE
  3375 | D:5      | 3375 ||| STAIRDANCE
  3542 | D:5      | Noticed Blork the orc
  3548 | D:5      | Killed Blork the orc
  3554 | D:5      | Reached XP level 8. HP: 64/68 MP: 2/8
  3591 | D:5      | You fall into a shaft and drop 2 floors!
  3604 | D:7      | Reached skill level 9 in Ranged Weapons
  3785 | D:7      | Found a flagged portal.
  3867 | D:7      | Reached skill level 6 in Fighting
  3989 | D:7      | 3989 ||| UPGRADING to +2 robe.
  3999 | D:7      | 3999 ||| DROPPING +0 ring mail.
  4000 | D:7      | 4000 ||| UPGRADING to +4 ring of protection.
  4001 | D:7      | 4001 ||| READING scroll labelled HOFUBL MIRGHUHODI.
  4002 | D:7      | 4002 ||| READING scroll labelled FOODOE HYUSES.
  4026 | D:6      | Identified the +2 robe "Eshuv" {+Inv rElec rC-}
  4220 | D:5      | Reached skill level 3 in Dodging
  4489 | D:5      | Found an iron altar of Okawaru.
  4490 | D:5      | 4490 ||| PLANNING OKAWARU WORSHIP
  4491 | D:5      | 4491 ||| DRINKING 2 potions of curing.
  4491 | D:5      | 4491 ||| (to cure confusion)
  4498 | D:5      | Became a worshipper of Warmaster Okawaru
  4499 | D:5      | 4499 ||| PLANNING D:1-11
  4637 | D:5      | 4637 ||| SWAPPING to +0 shortbow.
  4706 | D:6      | Noticed Duvessa
  4706 | D:6      | Noticed Dowan
  4716 | D:6      | Killed Duvessa
  4717 | D:6      | Reached skill level 10 in Ranged Weapons
  4723 | D:6      | 4723 ||| STAIRDANCE
  4726 | D:5      | Killed Dowan
  4926 | D:6      | 4926 ||| FLEEEEING.
  4927 | D:6      | 4927 ||| FLEEEEING.
  4928 | D:6      | 4928 ||| FLEEEEING.
  4929 | D:6      | 4929 ||| FLEEEEING.
  4930 | D:6      | 4930 ||| FLEEEEING.
  4931 | D:6      | 4931 ||| FLEEEEING.
  4932 | D:6      | 4932 ||| FLEEEEING.
  4933 | D:6      | 4933 ||| FLEEEEING.
  4935 | D:6      | 4935 ||| FLEEEEING.
  4936 | D:6      | 4936 ||| FLEEEEING.
  4937 | D:6      | 4937 ||| FLEEEEING.
  4938 | D:6      | 4938 ||| FLEEEEING.
  4939 | D:6      | 4939 ||| FLEEEEING.
  4940 | D:6      | 4940 ||| FLEEEEING.
  4946 | D:6      | 4946 ||| FLEEEEING.
  4947 | D:6      | 4947 ||| FLEEEEING.
  4948 | D:6      | 4948 ||| FLEEEEING.
  4949 | D:6      | 4949 ||| FLEEEEING.
  4950 | D:6      | 4950 ||| FLEEEEING.
  4951 | D:6      | 4951 ||| FLEEEEING.
  4952 | D:6      | 4952 ||| FLEEEEING.
  4953 | D:6      | 4953 ||| FLEEEEING.
  4954 | D:6      | 4954 ||| FLEEEEING.
  4955 | D:6      | 4955 ||| FLEEEEING.
  4957 | D:6      | 4957 ||| FLEEEEING.
  4958 | D:6      | 4958 ||| FLEEEEING.
  4959 | D:6      | 4959 ||| STAIRDANCE
  5025 | D:6      | Found a runed translucent door.
  5028 | D:6      | Noticed qw's ghost (novice MiHs)
  5041 | D:6      | 5041 ||| Stepping ~*~*~tactically~*~*~ (cloud).
  5055 | D:6      | HP: 17/71 [steam dragon] (5)]
  5056 | D:6      | 5056 ||| READING 4 scrolls of teleportation.
  5057 | D:6      | 5057 ||| DRINKING 3 potions of heal wounds.
  5215 | D:6      | Found a basalt altar of Yredelemnul.
  5383 | D:6      | 5383 ||| READING scroll of enchant armour.
  5383 | D:6      | 5383 ||| ENCHANTING +0 pair of boots.
  5465 | D:6      | 5465 ||| Stepping ~*~*~tactically~*~*~ (outnumbered).
  5467 | D:6      | 5467 ||| Stepping ~*~*~tactically~*~*~ (outnumbered).
  5482 | D:6      | Reached * piety under Okawaru
  5483 | D:6      | Reached XP level 9. HP: 60/79 MP: 9/9
  5601 | D:6      | 5601 ||| SWAPPING to +0 arbalest.
  5622 | D:6      | 5622 ||| DROPPING +0 shortbow.
  5870 | D:6      | Found an ancient bone altar of Kikubaaqudgha.
  5924 | D:6      | 5924 ||| READING scroll labelled RIZI FAAKYCO.
  5925 | D:6      | 5925 ||| READING scroll labelled WEENNIDDOSED.
  5926 | D:6      | 5926 ||| DRINKING 2 lumpy green potions.
  6179 | D:8      | 6179 ||| PLANNING OSSUARY
  6184 | D:8      | Reached skill level 1 in Invocations
  6210 | D:8      | Found a sand-covered staircase.
  6219 | Ossuary  | Entered an ossuary
  6239 | Ossuary  | 6239 ||| INVOKING Heroism.
  6370 | Ossuary  | Reached skill level 11 in Ranged Weapons
  6488 | D:8      | 6488 ||| PLANNING D:1-11
  6490 | D:8      | 6490 ||| INVOKING Heroism.
  6525 | D:8      | 6525 ||| Stepping ~*~*~tactically~*~*~ (outnumbered).
  6527 | D:8      | 6527 ||| Stepping ~*~*~tactically~*~*~ (outnumbered).
  6537 | D:8      | 6537 ||| FLEEEEING.
  6584 | D:8      | 6584 ||| Stepping ~*~*~tactically~*~*~ (outnumbered).
  6652 | D:8      | Found a staircase to the Lair.
  6661 | D:8      | 6661 ||| INVOKING Heroism.
  6850 | D:8      | 6850 ||| Stepping ~*~*~tactically~*~*~ (outnumbered).
  6852 | D:8      | 6852 ||| Stepping ~*~*~tactically~*~*~ (outnumbered).
  6854 | D:8      | 6854 ||| INVOKING Heroism.
  6919 | D:8      | Reached skill level 3 in Invocations
  7031 | D:8      | Noticed a troll
  7032 | D:8      | 7032 ||| INVOKING Heroism.
  7036 | D:8      | Killed a troll
  7037 | D:8      | Reached skill level 12 in Ranged Weapons
  7078 | D:8      | 7078 ||| INVOKING Heroism.
  7118 | D:8      | 7118 ||| INVOKING Heroism.
  7258 | D:8      | 7258 ||| PLANNING LAIR
  7258 | D:8      | 7258 ||| READING 2 scrolls of identify.
  7258 | D:8      | 7258 ||| IDENTIFYING fuming green potion
  7279 | Lair:1   | Entered Level 1 of the Lair of Beasts
  7279 | Lair:1   | Noticed a cane toad
  7280 | Lair:1   | 7280 ||| INVOKING Heroism.
  7287 | Lair:1   | Killed a cane toad
  7288 | Lair:1   | Reached XP level 10. HP: 72/88 MP: 9/12
  7304 | Lair:1   | 7304 ||| STAIRDANCE
  7333 | D:8      | 7333 ||| INVOKING Heroism.
  7545 | Lair:1   | Identified the +1 robe "Jotis" {rPois rC- Dex+2}
  7659 | Lair:1   | Noticed a cane toad
  7660 | Lair:1   | 7660 ||| INVOKING Heroism.
  7663 | Lair:1   | Killed a cane toad
  7664 | Lair:1   | Noticed Amaemon
  7671 | Lair:1   | Noticed an orange demon
  7680 | Lair:1   | Killed Amaemon
  7681 | Lair:1   | Reached skill level 13 in Ranged Weapons
  7681 | Lair:1   | HP: 20/88 [poisoned by an orange demon]
  7682 | Lair:1   | 7682 ||| READING 5 scrolls of teleportation.
  7683 | Lair:1   | 7683 ||| DRINKING 3 potions of heal wounds.
  7684 | Lair:1   | 7684 ||| DRINKING 2 potions of heal wounds.
  7685 | Lair:1   | 7685 ||| INVOKING Heroism.
  7875 | Lair:1   | 7875 ||| INVOKING Heroism.
  7881 | Lair:1   | HP: 18/90 [yak (7)]
  7882 | Lair:1   | 7882 ||| READING 4 scrolls of teleportation.
  7883 | Lair:1   | 7883 ||| DRINKING potion of heal wounds.
  8000 | Lair:1   | Killed an orange demon
  8000 | Lair:1   | Reached ** piety under Okawaru
  8001 | Lair:1   | Reached skill level 9 in Fighting
  8011 | Lair:1   | 8011 ||| INVOKING Heroism.
  8108 | Lair:1   | Noticed a black mamba
  8109 | Lair:1   | 8109 ||| INVOKING Heroism.
  8117 | Lair:1   | Killed a black mamba
  8118 | Lair:1   | Reached skill level 6 in Dodging
  8198 | Lair:1   | 8198 ||| INVOKING Heroism.
  8251 | Lair:1   | 8251 ||| INVOKING Heroism.
  8270 | Lair:1   | 8270 ||| INVOKING Heroism.
  8304 | Lair:1   | 8304 ||| FLEEEEING.
  8305 | Lair:1   | 8305 ||| FLEEEEING.
  8306 | Lair:1   | 8306 ||| FLEEEEING.
  8308 | Lair:1   | 8308 ||| FLEEEEING.
  8338 | Lair:1   | 8338 ||| FLEEEEING.
  8340 | Lair:1   | 8340 ||| FLEEEEING.
  8341 | Lair:1   | 8341 ||| FLEEEEING.
  8408 | Lair:1   | Reached skill level 14 in Ranged Weapons
  8452 | Lair:1   | 8452 ||| INVOKING Heroism.
  8639 | Lair:1   | Noticed an oklob plant
  8640 | Lair:1   | 8640 ||| INVOKING Heroism.
  8643 | Lair:1   | 8643 ||| UPGRADING to +1 robe "Jotis" {rPois rC- Dex+2}.
  8646 | Lair:1   | HP: 8/91 [oklob plant/splash of acid (24)]
  8648 | Lair:1   | 8648 ||| READING 3 scrolls of teleportation.
  8648 | Lair:1   | Killed from afar by an oklob plant

Levels and vault maps discovered:
D:1:      sevenhm_arrival_forest_fort_small_5, layout_rooms,
          shapermc_ecumenical_altar_acropolis, minivault_24,
          hangedman_decor_push
D:2:      layout_rooms, st_stairs_12, minmay_fractal_squares_5
D:3:      layout_rooms, lightli_sewer_entry_pipes, serial_shops,
          nicolae_shop_dealshenge, serial_bayou_ford_a, uniq_sigmund,
          uniq_natasha
D:4:      kennysheep_spiral_hall, layout_basic, minmay_temple_entry_glass,
          ebering_ghost_inner_flame
D:5:      layout_rooms, kennysheep_diamond, uniq_blork_the_orc
D:6:      layout_loops_ring, tgw_kikubaaqudgha, nicolae_overflow_crystal_walls,
          ebering_ghost_reflecting_pool, uniq_duvessa
D:7:      layout_basic, enter_bailey_5
D:8:      layout_rooms, dpeg_oklobed_lair, enter_ossuary_2,
          chequers_serial_rivers_large_a, minmay_misc_feat_more_columns,
          grunt_tough_drop
Temple:   nicolae_temple_ecumenical_triangle
Lair:1:   lemuel_ratsnest, layout_small_grid, uniq_amaemon

Skill      XL: |  1  2  3  4  5  6  7  8  9 10 |
---------------+-------------------------------+-----
Ranged Weapons | 3 4 6 7 8 10 12 14 | 14.0
Fighting       | 2 4 5 7 8 9 |  9.5
Armour         | 1 2 |  2.0
Dodging        | 3 5 6 |  6.1
Invocations    | 4 |  4.2
Spellcasting   | |  1.0
Hexes          | |  2.0

Action                     |  1- 3 |  4- 6 |  7- 9 | 10-12 || total
---------------------------+-------+-------+-------+-------++-------
   Fire: Sling             |    96 |   152 |    41 |       ||   289
         Arbalest          |       |       |   227 |   172 ||   399
         Shortbow          |       |       |    81 |       ||    81
 Invoke: Heroism           |       |       |     8 |    11 ||    19
    Use: Scroll            |     4 |     7 |     8 |     3 ||    22
         Potion            |       |     4 |     6 |     3 ||    13
 Armour: Robe              |     2 |       |    34 |    46 ||    82
         Ring mail         |    17 |    28 |    18 |       ||    63
  Dodge: Dodged            |    49 |    52 |   109 |   103 ||   313

Table legend:
 A = Non-vault XP
 B = Vault XP
 C = Vault XP percentage of total XP
 D = Non-vault monster count
 E = Vault monster count
 F = Vault count percentage of total count
                 A         B        C        D         E       F
            +---------+---------+-------+---------+---------+-------
      Total |    6285 |    3738 |  37.3 |     161 |      96 |  37.4
            +---------+---------+-------+---------+---------+-------
        D:1 |      56 |       0 |   0.0 |      24 |       0 |   0.0
        D:2 |      85 |      32 |  27.4 |      21 |       6 |  22.2
        D:3 |     176 |     334 |  65.5 |      24 |      17 |  41.5
        D:4 |     444 |      10 |   2.2 |      15 |       4 |  21.1
        D:5 |     568 |     202 |  26.2 |      11 |       3 |  21.4
        D:6 |     589 |     135 |  18.6 |      13 |       1 |   7.1
        D:7 |     514 |       7 |   1.3 |       9 |       4 |  30.8
        D:8 |    1317 |     820 |  38.4 |      33 |       5 |  13.2
     Lair:1 |    2536 |    2040 |  44.6 |      11 |      40 |  78.4
    Ossuary |       0 |     158 | 100.0 |       0 |      16 | 100.0
            +---------+---------+-------+---------+---------+-------
